 Dungeon Crawl Stone Soup version 0.29.1-1-gd02db6906a (webtiles) character file.

Game seed: 9070633330811429224

134 SSird the Chopper (level 5, -1/40 HPs)
             Began as a Gnoll Wanderer on Oct 6, 2022.
             Slain by an orc priest
             ... wielding a +1 flail of protection
              (4 damage)
             ... on level 3 of the Dungeon.
             The game lasted 00:04:54 (2921 turns).

SSird the Chopper (Gnoll Wanderer)                  Turns: 2921, Time: 00:04:54

Health: -1/40      AC: 12    Str: 13    XL:     5   Next: 17%
Magic:  9/9        EV:  5    Int: 11    God:
Gold:   125        SH:  4    Dex: 12    Spells: 9/10 levels left

rFire   . . .      SeeInvis .   a - +2 hand axe
rCold   . . .      Faith    .   b - +0 buckler
rNeg    . . .      Spirit   .   i - +0 storm dragon scales
rPois   .          Reflect  .   (no helmet)
rElec   +          Harm     .   (no cloak)
rCorr   .          Rampage  .   h - +0 pair of gloves
Will    .....                   (no boots)
Stlth   ..........              (no amulet)
HPRegen 0.13/turn               (no ring)
MPRegen 0.11/turn               (no ring)

@: no status effects
A: fangs 1, strong nose, distributed training
a: no special abilities


You were on level 3 of the Dungeon.
You visited 1 branch of the dungeon, and saw 3 of its levels.

You collected 125 gold pieces.

Inventory:

Hand Weapons
 a - a +2 hand axe (weapon)
Armour
 b - a +0 buckler (worn)
 d - a +0 robe
 f - a +0 leather armour
 h - a +0 pair of gloves (worn)
 i - +0 storm dragon scales (worn)
 n - an orb of light
Scrolls
 c - a scroll of teleportation
 e - 4 scrolls of identify {unknown}
 g - a scroll of torment {unknown}
 j - a scroll of amnesia {unknown}
 k - a scroll of enchant armour {unknown}
 l - a scroll of butterflies {unknown}
 m - a scroll of brand weapon {unknown}
 o - a scroll of enchant weapon {unknown}


   Skills:
 + Level 2.9 Fighting
 + Level 1.4 Short Blades
 + Level 1.4 Long Blades
 + Level 4.7 Axes
 + Level 1.4 Maces & Flails
 + Level 1.4 Polearms
 + Level 1.4 Staves
 + Level 1.4 Ranged Weapons
 + Level 2.9 Throwing
 + Level 2.9 Armour
 + Level 1.4 Dodging
 + Level 1.4 Stealth
 + Level 2.9 Shields
 + Level 1.4 Unarmed Combat
 + Level 3.1 Spellcasting
 + Level 1.1 Conjurations
 + Level 1.1 Hexes
 + Level 3.9 Summonings
 + Level 1.1 Necromancy
 + Level 1.1 Translocations
 + Level 1.1 Transmutations
 + Level 1.1 Fire Magic
 + Level 1.1 Ice Magic
 + Level 1.1 Air Magic
 + Level 1.1 Earth Magic
 + Level 1.1 Poison Magic
 + Level 3.0 Invocations
 + Level 1.4 Evocations


You had 9 spell levels left.
You knew the following spells:

 Your Spells              Type           Power      Damage    Failure   Level
a - Summon Small Mammal   Summ           40%        N/A       90%         1

Your spell library contained the following spells:

 Spells                   Type           Power      Damage    Failure   Level
 Call Canine Familiar     Summ           10%        N/A       99%         3
 Summon Guardian Golem    Hex/Summ       7%         N/A       100%        3


Dungeon Overview and Level Annotations

Branches:
Dungeon (3/15)

Altars:
Ashenzari
Ru


Innate Abilities, Weirdness & Mutations

You have very sharp teeth.
Your uncanny sense of smell can sniff out nearby items.
Your experience applies equally to all skills.


Message History

The orc priest is lightly wounded.
You hit the orc.
You kill the orc!
The orc priest calls down the wrath of Beogh upon you.
Pain shoots through your body!
You hit the orc priest.
The orc priest is moderately wounded.
The orc priest hits you but does no damage.
You hit the orc priest. Your bite misses the orc priest.
The orc priest is heavily wounded.
You block the orc priest's attack.
You closely miss the orc priest. Your bite misses the orc priest.
The orc priest is heavily wounded.
The orc priest hits you with a +1 flail of protection!
You hit the orc priest. Your bite misses the orc priest.
The orc priest is severely wounded.
The orc priest casts a cantrip, but nothing happens.
You hit the orc priest but do no damage.
You bite the orc priest.
The orc priest is almost dead.
The orc priest calls down the wrath of Beogh upon you.
Beogh smites you!
* * * LOW HITPOINT WARNING * * *
The orc priest hits you but does no damage.
You closely miss the orc priest. Your bite misses the orc priest.
The orc priest is almost dead.
The orc priest hits you but does no damage.
You barely miss the orc priest.
The orc priest is almost dead.
The orc priest invokes the aid of Beogh against you.
Pain shoots through your body!
* * * LOW HITPOINT WARNING * * *
Unknown command.
You hit the orc priest.
The orc priest is almost dead.
The orc priest closely misses you.
You barely miss the orc priest.
The orc priest is almost dead.
The orc priest hits you with a +1 flail of protection.
You die...

.#..~...~..#.##
..#..~~~..#.##
...#######.##
##.........########
..........<......
######.#.######. ∆
#.#>## # #
.#...#####.#....
.##......@o...# ..
#.......).:.# ..
#.#.#.####......
... #.#.#.# #.####
#.#.#.# .# ..#.#..
# . ..###


You could see an orc priest.

Vanquished Creatures
  An orc priest (D:2)
  5 adders
  A worm (D:3)
  6 orcs
  5 bats
  2 endoplasms
  2 giant cockroaches (D:3)
  A goblin (D:1)
  5 hobgoblins
  2 jackals (D:3)
  2 quokkas (D:1)
  6 ball pythons
  3 frilled lizards
  7 kobolds
  4 rats
52 creatures vanquished.

Notes
Turn   | Place    | Note
-------+----------+-------------------------------------------
     0 | D:1      | SSird the Gnoll Wanderer began the quest for the Orb.
     0 | D:1      | SSird set off with the following items: a +2 hand axe, a +0
                  | buckler, a scroll of teleportation, a +0 robe; and the
                  | following spell memorised: Summon Small Mammal; and the
                  | following spells available to memorise: Call Canine
                  | Familiar.
     0 | D:1      | Reached XP level 1. HP: 17/17 MP: 4/4
   329 | D:1      | Reached XP level 2. HP: 20/23 MP: 5/5
  1409 | D:2      | Reached XP level 3. HP: 27/28 MP: 7/7
  1677 | D:3      | Reached skill level 1 in Short Blades
  1677 | D:3      | Reached skill level 1 in Long Blades
  1677 | D:3      | Reached skill level 1 in Maces & Flails
  1677 | D:3      | Reached skill level 1 in Polearms
  1677 | D:3      | Reached skill level 1 in Staves
  1677 | D:3      | Reached skill level 1 in Ranged Weapons
  1677 | D:3      | Reached skill level 1 in Dodging
  1677 | D:3      | Reached skill level 1 in Stealth
  1677 | D:3      | Reached skill level 1 in Unarmed Combat
  1677 | D:3      | Reached skill level 1 in Evocations
  1699 | D:3      | Found a faded altar of an unknown god.
  1872 | D:2      | Reached XP level 4. HP: 30/34 MP: 8/8
  1885 | D:2      | Reached skill level 1 in Conjurations
  1885 | D:2      | Reached skill level 1 in Hexes
  1885 | D:2      | Reached skill level 1 in Necromancy
  1885 | D:2      | Reached skill level 1 in Translocations
  1885 | D:2      | Reached skill level 1 in Transmutations
  1885 | D:2      | Reached skill level 1 in Fire Magic
  1885 | D:2      | Reached skill level 1 in Ice Magic
  1885 | D:2      | Reached skill level 1 in Air Magic
  1885 | D:2      | Reached skill level 1 in Earth Magic
  1885 | D:2      | Reached skill level 1 in Poison Magic
  2418 | D:3      | Reached XP level 5. HP: 7/40 MP: 9/9
  2728 | D:3      | Found a broken altar of Ashenzari.
  2877 | D:3      | Found a sacrificial altar of Ru.
  2921 | D:3      | Slain by an orc priest

Illustrated notes

Levels and vault maps discovered:
D:1:      dpeg_arrival_rhombus, layout_basic, minmay_tripent
D:2:      layout_basic
D:3:      layout_loops_ring, nicolae_ru_awakened_eye, evilmike_ruin_ashenzari,
          grunt_temple_overflow_open, nicolae_ecumenical_snake_handling,
          minmay_increasing_density

Skill      XL: |  1  2  3  4 |
---------------+-------------+-----
Short Blades   | 1 |  1.4
Long Blades    | 1 |  1.4
Maces & Flails | 1 |  1.4
Polearms       | 1 |  1.4
Staves         | 1 |  1.4
Ranged Weapons | 1 |  1.4
Dodging        | 1 |  1.4
Stealth        | 1 |  1.4
Unarmed Combat | 1 |  1.4
Evocations     | 1 |  1.4
Spellcasting   | 3 |  3.1
Conjurations   | 1 |  1.1
Hexes          | 1 |  1.1
Necromancy     | 1 |  1.1
Translocations | 1 |  1.1
Transmutations | 1 |  1.1
Fire Magic     | 1 |  1.1
Ice Magic      | 1 |  1.1
Air Magic      | 1 |  1.1
Earth Magic    | 1 |  1.1
Poison Magic   | 1 |  1.1
Invocations    | 3 |  3.0
Fighting       | |  2.9
Axes           | |  4.7
Throwing       | |  2.9
Armour         | |  2.9
Shields        | |  2.9
Summonings     | |  3.9

Action                   |  1- 3 |  4- 6 || total
-------------------------+-------+-------++-------
Melee: Hand axe          |    75 |    99 ||   174
       Bite              |     3 |     9 ||    12
  Use: Potion            |       |     1 ||     1
Armor: Leather armour    |     3 |       ||     3
       Storm dragon scal |    46 |    59 ||   105
Dodge: Dodged            |    19 |    24 ||    43
Block: Buckler           |     6 |    18 ||    24
